 Dungeon Crawl Stone Soup version 0.30-a0-137-gd8773701ce (webtiles) character file.

Game seed: 5731027628205538744

32 flotson the Sneak (level 3, 0/29 HPs)
             Began as a Demonspawn Delver on Sept 21, 2022.
             Succumbed to a scorpion's poison
             ... on level 4 of the Dungeon.
             The game lasted 00:00:49 (388 turns).

flotson the Sneak (Demonspawn Delver)                Turns: 388, Time: 00:00:50

Health: 0/29       AC:  3    Str: 14    XL:     3   Next: 10%
Magic:  3/3        EV: 12    Int: 11    God:
Gold:   22         SH:  0    Dex: 14    Spells: 2/2 levels left

rFire   . . .      SeeInvis .    a - +0 hand axe
rCold   . . .      Faith    .    (no shield)
rNeg    . . .      Spirit   .    b - +0 leather armour
rPois   .          Reflect  .    (no helmet)
rElec   .          Harm     .    (no cloak)
rCorr   .          Rampage  .    (no gloves)
Will    .....                    (no boots)
Stlth   ++........               (no amulet)
HPRegen 0.09/turn                (no ring)
MPRegen 0.08/turn                (no ring)

@: lethally poisoned (0 -> -13)
A: weakness stinger 1
a: no special abilities


You were on level 4 of the Dungeon.
You visited 1 branch of the dungeon, and saw 2 of its levels.

You collected 22 gold pieces.

Inventory:

Hand Weapons
 a - a +0 hand axe (weapon)
Armour
 b - a +0 leather armour (worn)
Wands
 g - a wand of digging (3)
Scrolls
 c - a scroll of fog


   Skills:
 + Level 3.3 Fighting
 - Level 1.7 Axes
 + Level 1.1 Armour
 + Level 2.2 Dodging
 - Level 4.5 Stealth
 + Level 1.1 Evocations


You had 2 spell levels left.
You didn't know any spells.
Your spell library was empty.

Dungeon Overview and Level Annotations

Branches:
Dungeon (5/15)
 Temple: D:4-7

Altars:


Innate Abilities, Weirdness & Mutations

You have a small tail.


Message History

The orc is moderately wounded.
The orc hits you with a +0 falchion. x2
You are too injured to fight recklessly!
You are too injured to fight recklessly!
You are too injured to fight recklessly!
You hit the orc.
The orc is heavily wounded.
The orc barely misses you.
You hit the orc.
The orc is severely wounded.
The orc hits you with a +0 falchion.
* * * LOW HITPOINT WARNING * * *
As you read the scroll of fear, it crumbles to dust.
You assume a fearsome visage.
The orc looks frightened! x2
As you read the scroll of magic mapping, it crumbles to dust.
You feel aware of your surroundings.
You sensed 1 altar.
A scorpion comes into view.
Found an escape hatch in the ceiling.
There is an escape hatch in the ceiling here.
The scorpion stings you but does no damage.
A mysterious force pulls you upwards. The hatch slams shut behind you.
The hound barks!
Unknown command.
Okay, then.
You aren't carrying any potions.
You miss the hound. You completely miss the scorpion.
The hound closely misses you. The scorpion stings you.
Unknown command.
You hit the scorpion but do no damage.
Your tail-slap misses the scorpion.
You hit the hound. The hound bites you.
* * * LOW HITPOINT WARNING * * *
The scorpion stings you.
* * * LOW HITPOINT WARNING * * *
You are lethally poisoned!
The scorpion poisons you! The hound barely misses you.
The scorpion closely misses you.
You barely miss the hound.
The hound is lightly wounded.
You closely miss the scorpion.
You die...

####
#..
#h#
#@#
#s#
..#
####


You could see a scorpion and a hound.

Vanquished Creatures
  A hound (D:5)
  An orc (D:5)
  A quokka (D:5)
3 creatures vanquished.

Notes
Turn   | Place    | Note
-------+----------+-------------------------------------------
     0 | D:5      | flotson the Demonspawn Delver began the quest for the Orb.
     0 | D:5      | Reached XP level 1. HP: 18/18 MP: 1/1
    74 | D:5      | Noticed a hound
    80 | D:5      | Killed a hound
    81 | D:5      | Reached skill level 1 in Armour
    81 | D:5      | Reached skill level 1 in Evocations
    81 | D:5      | Discovered your monstrous ancestry.
    81 | D:5      | Gained mutation: You have a small tail. [demonic ancestry]
    81 | D:5      | Reached XP level 2. HP: 9/24 MP: 2/2
    81 | D:5      | Reached XP level 3. HP: 10/29 MP: 3/3
   371 | D:5      | Noticed a scorpion
   388 | D:4      | Succumbed to a scorpion's poison

Illustrated notes

Levels and vault maps discovered:
D:4:      layout_loops_cross, mainiacjoe_overflow_boulevard
D:5:      layout_loops_ring, lemuel_zombie_altar_yredelemnul

Skill      XL: |  1 |
---------------+----+-----
Armour         | 1 |  1.1
Dodging        | 2 |  2.2
Evocations     | 1 |  1.1
Fighting       | |  3.3
Axes           | |  1.7
Stealth        | |  4.5

Action                   || total
-------------------------++-------
Melee: Hand axe          ||    18
       Tailslap          ||     2
  Use: Potion            ||     1
       Scroll            ||     2
Armor: Leather armour    ||     4
Dodge: Dodged            ||     8

Table legend: (Time is in decaauts)
 A = Elapsed time spent in this place.
 B = Non-inter-level travel time spent in this place.
 C = Inter-level travel time spent in this place.
 D = Time resting spent in this place.
 E = Time spent auto-exploring this place.
 F = Levels seen in this place.
 G = Mean time per level.
                   A        B        C        D        E       F      G
               +--------+--------+--------+--------+--------+-----+--------+
         Total |    371 |    371 |      0 |      0 |    271 |   2 |  185.5 |
       Dungeon |    371 |    371 |      0 |      0 |    271 |   2 |  185.5 |
               +--------+--------+--------+--------+--------+-----+--------+

Top non-repeatable levels by time:
     D:5: 368 daAuts
     D:4: 3 daAuts
